 Dungeon Crawl Stone Soup version 0.32-a0-705-g60f233581c (webtiles) character file.

Game seed: 3789336399943207966

2526 BeKind the Blocker (level 9, -10/45 HPs)
             Began as an Octopode Ice Elementalist on Mar 14, 2024.
             Was a Follower of Hepliaklqana.
             Mangled by Harold
             ... wielding a +0 battleaxe
              (12 damage)
             ... on level 9 of the Dungeon.
             The game lasted 00:11:52 (6654 turns).

BeKind the Blocker (Octopode Ice Elementalist)      Turns: 6654, Time: 00:11:53

Health: -10/45     AC:  3    Str:  8    XL:     9   Next: 54%
Magic:  2/13       EV: 13    Int: 21    God:    Hepliaklqana [*.....]
Gold:   246        SH:  6    Dex: 18    Spells: 3/13 levels left

rFire   . . .        d - +0 trident
rCold   . . .        r - +0 buckler
rNeg    . . .        i - +2 hat
rPois   .            (no amulet)
rElec   .            k - +6 ring of dexterity
rCorr   .            (no ring)
SInv    .            (no ring)
Will    .....        (no ring)
Stlth   ++++         (no ring)
HPRegen 0.27/turn    (no ring)
MPRegen 0.13/turn    (no ring)
                     (no ring)

%: no passive effects
@: freezing walls, very slightly contaminated
A: reduced essence, almost no armour, amphibious, 8 rings, camouflage 1,
gelatinous body 1, (nimble swimmer 1), tentacles
a: Renounce Religion, Recall Ancestor, Ancestor Identity


You were on level 9 of the Dungeon.
You worshipped Hepliaklqana.
Hepliaklqana was aware of your devotion.
You visited 2 branches of the dungeon, and saw 10 of its levels.
You also visited: Sewer.

You collected 246 gold pieces.

Inventory:

Hand Weapons
 d - a +0 trident (weapon)
Armour
 i - a +2 hat (worn)
 l - a +0 kite shield
 r - a +0 buckler (worn)
 t - the orb of the Swan {guile, rPois rC- rCorr Str+3}
   (You found it on level 6 of the Dungeon)

   Str+3:     It affects your strength (+3).
   rC-:       It makes you vulnerable to cold.
   rPois:     It protects you from poison.
   rCorr:     It protects you from acid and corrosion.
Jewellery
 k - a +6 ring of dexterity (left tentacle)
Scrolls
 b - a scroll of immolation {unknown}
 e - a scroll of fear
 f - 2 scrolls of identify {unknown}
 j - 3 scrolls of teleportation {unknown}
 m - a scroll of summoning {unknown}
 n - a scroll of revelation {unknown}
 o - 2 scrolls of blinking
 p - a scroll of poison {unknown}
 q - a scroll of fog {unknown}
 s - 2 scrolls of enchant weapon {unknown}
Potions
 a - 2 potions of magic
 c - 2 potions of enlightenment
 g - a potion of attraction
 h - a potion of heal wounds


   Skills:
 + Level 7.8 Polearms
 - Level 3.0 Dodging
 - Level 3.4 Stealth
 * Level 8.8 Shields
 - Level 2.7 Spellcasting
 - Level 1.1 Summonings
 - Level 4.5 Ice Magic


You had 3 spell levels left.
You knew the following spells:

 Your Spells              Type           Power      Damage    Failure   Level
a - Freeze                Ice            84%        1d9       3%          1
b - Frozen Ramparts       Ice            42%        1d7       9%          3
c - Ozocubu's Armour      Ice            21%        N/A       9%          3
d - Summon Ice Beast      Ice/Summ       14%        N/A       17%         3

Your spell library contained the following spells:

 Spells                   Type           Power      Damage    Failure   Level
 Sting                    Conj/Alch      8%         1d3       19%         1
 Mercury Vapours          Alch/Air       4%         N/A       28%         2
 Inner Flame              Hex/Fire       2%         N/A       50%         3
 Flame Wave               Conj/Fire      2%         2d4       88%         4
 Olgreb's Toxic Radiance  Alch           2%         N/A       88%         4
 Sticky Flame             Fire/Alch      2%         2d4       88%         4


Dungeon Overview and Level Annotations

Branches:
Dungeon (9/15)             Temple (1/1) D:4           Sewer (visited)
   Lair: D:8-11         Orc: D:9-12

Altars:
Cheibriados
Dithmenos
Elyvilon
Fedhas
Hepliaklqana
Kikubaaqudgha
Makhleb
Qazlal
Ru
Sif Muna
Uskayaw
Wu Jian
Yredelemnul
Zin
The Shining One

Annotations:
D:6 Jeremiah
D:9 Harold


Innate Abilities, Weirdness & Mutations

Your life essence is reduced to manifest your ancestor. (-10% HP)
You cannot wear most types of armour.
You are amphibious.
You can wear up to eight rings at the same time.
Your skin changes colour to match your surroundings (Stealth+).
Your rubbery body absorbs attacks. (AC +1, EV +1)
((You are camouflaged when in or above water. (Stealth+)))
You have tentacles for arms and can constrict up to eight enemies at once.


Message History

Casting: Summon Ice Beast (dangerous; 17% risk of failure)
Confirm with . or Enter, or press ? or * to list all spells.
Casting: Frozen Ramparts (dangerous; 9% risk of failure)
Press: ? - help, Dir - look around, f - activate The walls around you are covered in ice.
Your ice beast closely misses Harold.
The wall freezes Harold but does no damage.
Harold hits your ice beast with a +0 battleaxe!!
Your ice beast dies!
Your ice beast disappears in a puff of smoke!
The wall freezes the yak. x2
You reach to attack!
You hit Harold.
Harold is moderately wounded.
The wall freezes Harold.
The wall freezes the yak but does no damage. x2
You hit Harold. You grab Harold. You squeeze Harold.
Harold is heavily wounded.
You constrict Harold.
The wall freezes Harold.
Harold hits you with a +0 battleaxe!
The wall freezes the yak. x2
The wall freezes the yak but does no damage.
Casting: Frozen Ramparts (dangerous; 9% risk of failure)
Confirm with . or Enter, or press ? or * to list all spells.
You miscast Summon Ice Beast.
You are very lightly contaminated with residual magic.
Nothing appears to happen.
You constrict Harold.
The wall freezes Harold.
Harold hits you with a +0 battleaxe!!
* * * LOW HITPOINT WARNING * * *
The wall freezes the yak.
The wall freezes the yak but does no damage.
The wall freezes the yak.
Okay, then.
As you read the scroll of fear, it crumbles to dust.
You assume a fearsome visage.
Harold looks frightened!
The yak resists with some effort.
The yak looks frightened! x2
You constrict Harold, but do no damage.
The wall freezes Harold!
Your attack snaps Harold out of his fear.
Harold hits you with a +0 battleaxe!
You die...
Harold sighs, "Finally, I can get that nice plot of land and settle down."
Hepliaklqana delivers you to your ancestors. ... .. .. ###. #YY

# #Y#
##.#.###@#
#......@.#
#.#####..#
#..# #..#
#.##
#.#####.#
#.......#
#####)###
#<#


You could see Harold and 3 yaks.

Vanquished Creatures
  Menkaure (D:5)
  A water moccasin (D:6)
  2 black bears
  An ogre (D:7)
  A centaur (D:5)
  2 phantoms (D:4)
  2 kobold brigands
  2 bullfrogs
  2 brain worms (Sewer)
  2 scorpions
  A water moccasin zombie (D:4)
  A water moccasin skeleton (D:4)
  A centaur zombie (D:4)
  A jelly (D:6)
  A bullfrog zombie (D:4)
  3 hounds
  2 orc priests
  A gnoll bouda (D:7)
  A sleepcap (D:5)
  2 iguanas
  4 orc wizards
  3 scorpion zombies (D:4)
  3 hound zombies (D:4)
  A howler monkey zombie (D:4)
  8 gnolls
  9 adders
  2 river rats (Sewer)
  2 white imps
  2 ufetubi (D:7)
  4 adder zombies (D:4)
  2 dart slugs
  9 orcs
  9 bats
  6 endoplasms
  A giant cockroach (D:1)
  7 hobgoblins
  2 jackals (Sewer)
  15 kobolds
  4 quokkas
  12 ball pythons
  6 frilled lizards
  7 goblins
  6 rats
154 creatures vanquished.

Vanquished Creatures (collateral kills)
  A yak (D:9)
  An ice beast (D:8)
  A gnoll bouda (D:8)
  3 gnolls (D:8)
  2 kobolds (D:7)
8 creatures vanquished.

Grand Total: 162 creatures vanquished

Notes
Turn   | Place    | Note
-------+----------+-------------------------------------------
     0 | D:1      | BeKind the Octopode Ice Elementalist began the quest for
                  | the Orb.
     0 | D:1      | Reached XP level 1. HP: 11/11 MP: 3/3
   263 | D:1      | Reached XP level 2. HP: 17/17 MP: 5/5
   401 | D:1      | Reached skill level 1 in Polearms
   657 | D:1      | Reached XP level 3. HP: 21/21 MP: 6/6
  1774 | D:3      | Reached XP level 4. HP: 27/27 MP: 7/7
  2235 | D:4      | Reached skill level 1 in Shields
  2243 | D:4      | Found a glowing drain.
  2272 | Sewer    | Entered a sewer
  2381 | Sewer    | Reached XP level 5. HP: 29/31 MP: 8/8
  2385 | Sewer    | Learned a level 3 spell: Frozen Ramparts
  2528 | Sewer    | Reached skill level 2 in Shields
  2529 | Sewer    | Noticed a kobold brigand
  2535 | Sewer    | Reached XP level 6. HP: 30/36 MP: 6/9
  2541 | Sewer    | Reached skill level 3 in Shields
  2890 | D:4      | Reached XP level 7. HP: 24/41 MP: 10/10
  2975 | D:4      | Reached skill level 4 in Shields
  3083 | D:4      | Found a staircase to the Ecumenical Temple.
  3096 | Temple   | Entered the Ecumenical Temple
  3108 | Temple   | Became a worshipper of Hepliaklqana the Forgotten
  3127 | D:4      | Learned a level 3 spell: Ozocubu's Armour
  3131 | D:4      | Learned a level 3 spell: Summon Ice Beast
  3139 | D:4      | Reached skill level 5 in Polearms
  3239 | D:4      | Reached skill level 5 in Shields
  3354 | D:4      | Reached XP level 8. HP: 22/46 MP: 5/11
  3842 | D:5      | Entered Level 5 of the Dungeon
  4033 | D:5      | Reached skill level 1 in Summonings
  4169 | D:5      | Noticed Menkaure
  4455 | D:5      | Reached skill level 6 in Shields
  4582 | D:5      | Killed Menkaure
  4973 | D:6      | Noticed Jeremiah
  4999 | D:6      | Reached skill level 7 in Shields
  4999 | D:6      | Reached XP level 9. HP: 27/51 MP: 11/13
  5451 | D:6      | Reached * piety under Hepliaklqana
  5518 | D:6      | Identified the orb of the Swan {guile, rPois rC- rCorr
                  | Str+3}
  5912 | D:7      | Found a glowing silver altar of Zin.
  5925 | D:7      | Found a burning altar of Makhleb.
  5948 | D:7      | Reached skill level 8 in Shields
  6455 | D:8      | Noticed a hornet
  6458 | D:8      | Noticed a two-headed ogre
  6640 | D:9      | Noticed Harold
  6653 | D:9      | HP: 1/45 [Harold/+0 battleaxe (21)]
  6654 | D:9      | Mangled by Harold

Illustrated notes

Levels and vault maps discovered:
D:1:      minmay_arrival_three_doors, layout_basic, dk_noncrumbling_3
D:2:      layout_basic, palyth_stone_intersect, serial_bayou_pond_a,
          minmay_stone_trees_medium
D:3:      layout_basic, small_statue_alley_b
D:4:      layout_gridville, minmay_temple_entry_stoned_glass,
          portal_sewer_entry_e, serial_undead, serial_undead_d, serial_undead_a,
          serial_undead_a, serial_undead_c, serial_undead_a, serial_undead_f,
          minmay_misc_feat_diagonals
D:5:      layout_rooms, uniq_menkaure
D:6:      layout_loops_ring, uniq_jeremiah
D:7:      layout_basic, nemelex_spade_bored_becter, minitemple
D:8:      layout_loops_ring, uniq_grum, uniq_maggie
D:9:      layout_loops_ring, lemuel_doored_altar, due_lair_maze_entry_diamond,
          kennysheep_kite_vault, uniq_maurice, uniq_harold
Temple:   nicolae_temple_ecumenical_triangle

Skill      XL: |  1  2  3  4  5  6  7  8  9 |
---------------+----------------------------+-----
Stealth        | 3 |  3.4
Polearms       | 1 2 3 4 5 7 |  7.8
Shields        | 1 2 3 5 7 8 |  8.8
Dodging        | 3 |  3.0
Summonings     | 1 |  1.1
Spellcasting   | |  2.7
Ice Magic      | |  4.5

Action                     |  1- 3 |  4- 6 |  7- 9 || total
---------------------------+-------+-------+-------++-------
  Melee: Unarmed           |     3 |       |       ||     3
         Trident           |    66 |   120 |   210 ||   396
         Constrict         |    15 |    31 |    47 ||    93
         Tentacles         |     7 |    29 |    57 ||    93
   Cast: Freeze            |     6 |       |     4 ||    10
         Frozen Ramparts   |       |     3 |    11 ||    14
         Ozocubu's Armour  |       |       |     3 ||     3
         Summon Ice Beast  |       |       |    11 ||    11
    Use: Scroll            |       |     2 |     1 ||     3
         Potion            |       |       |     6 ||     6
   Stab: Sleeping          |    10 |    11 |    12 ||    33
         Distracted        |       |     2 |     5 ||     7
 Armour: Skin              |    23 |    24 |   113 ||   160
  Dodge: Dodged            |    26 |    32 |   104 ||   162
  Block: Kite shield       |       |       |    23 ||    23
         Buckler           |       |       |    23 ||    23

Table legend: (Time is in decaauts)
 A = Elapsed time spent in this place.
 B = Non-inter-level travel time spent in this place.
 C = Inter-level travel time spent in this place.
 D = Time resting spent in this place.
 E = Time spent auto-exploring this place.
 F = Levels seen in this place.
 G = Mean time per level.
                   A        B        C        D        E       F      G
               +--------+--------+--------+--------+--------+-----+--------+
         Total |   6705 |   6318 |    387 |    829 |   4172 |  11 |  609.5 |
       Dungeon |   6094 |   5726 |    368 |    829 |   3812 |   9 |  677.1 |
        Temple |     21 |      2 |     19 |      0 |      0 |   1 |   21.0 |
         Sewer |    589 |    589 |      0 |      0 |    360 |   1 |  589.0 |
               +--------+--------+--------+--------+--------+-----+--------+

Top non-repeatable levels by time:
     D:4: 1030 daAuts
     D:2: 943 daAuts
     D:6: 903 daAuts
     D:5: 857 daAuts
     D:1: 805 daAuts
   Sewer: 589 daAuts
     D:3: 489 daAuts
     D:8: 464 daAuts
     D:7: 418 daAuts
     D:9: 183 daAuts
  Temple: 21 daAuts
